 Dungeon Crawl Stone Soup version 0.25-a0-161-gb7fd73da8f (webtiles) character file.

Game seed: 12339362353850866580, levelgen mode: deterministic

72 Leeroy the Slasher (level 4, 0/36 HPs)
             Began as a Draconian Skald on Nov 21, 2019.
             Killed by nerve-wracking pain
             ... invoked by Jessica
              (9 damage)
             ... on level 2 of the Dungeon.
             The game lasted 00:02:13 (934 turns).

Leeroy the Slasher (Draconian Skald)                 Turns: 934, Time: 00:02:13

Health: 0/36       AC:  5    Str: 13    XL:     4   Next: 7%
Magic:  6/7        EV: 12    Int: 15    God:
Gold:   48         SH:  0    Dex: 10    Spells: 6/7 levels left

rFire    . . .     SeeInvis .   a - +0 falchion
rCold    . . .     Gourm    .   (no shield)
rNeg     . . .     Faith    .   (armour unavailable)
rPois    .         Spirit   .   (helmet restricted)
rElec    .         Reflect  .   e - scarf {repulsion}
rCorr    .         Harm     .   (no gloves)
MR       .....                  (no boots)
Stlth    +.........             (no amulet)
HPRegen  0.12/turn              (no ring)
MPRegen  0.10/turn              (no ring)

@: infused, repel missiles
A: unfitting armour, cold-blooded, AC +5
a: no special abilities


You were on level 2 of the Dungeon.
You were not hungry.

You visited 1 branch of the dungeon, and saw 2 of its levels.

You collected 48 gold pieces.

Inventory:

Hand Weapons
 a - a +0 falchion (weapon)
Armour
 b - a +0 pair of gloves
 e - a scarf of repulsion (worn)
Scrolls
 d - a scroll of teleportation {unknown}
 f - a scroll of amnesia {unknown}
 g - a scroll of random uselessness {unknown}
Comestibles
 c - 5 rations


   Skills:
 - Level 2.1 Fighting
 + Level 4.4 Long Blades
 - Level 2.1 Dodging
 - Level 2.0 Spellcasting
 - Level 2.6 Charms


You had 6 spell levels left.
You knew the following spells:

 Your Spells              Type           Power        Failure   Level  Hunger
a - Infusion              Chrm           #...         8%          1    #......

Your spell library contained the following spells:

 Spells                   Type           Power        Failure   Level  Hunger
 Song of Slaying          Chrm           #.......     11%         2    ###....
 Shroud of Golubria       Chrm/Tloc      #.....       19%         2    ###....
 Regeneration             Chrm/Necr      #.........   36%         3    ###....
 Spectral Weapon          Hex/Chrm       #.......     36%         3    ###....


Dungeon Overview and Level Annotations

Branches:
Dungeon (2/15)

Altars:

Annotations:
D:2 Jessica


Innate Abilities, Weirdness & Mutations

Your plain brown scales are hard. (AC +5)
You cannot fit into any form of body armour.
You are cold-blooded and may be slowed by cold attacks.


Message History

The hound barely misses you.
You closely miss the hound. You tail-slap the hound.
The hound is almost dead.
The hound misses you.
Jessica casts a spell.
Jessica blinks!
You hit the hound.
You kill the hound!
Your Long Blades skill increases to level 4!
You have reached level 4!
You feel clever.
Casting: Infusion (safe; 8% risk of failure)
Confirm with . or Enter, or press ? or * to list all spells.
You begin infusing your attacks with magical energy.
Jessica mumbles some strange words.
Jessica blinks!
You see here a hound corpse.
Jessica gestures at you while chanting. Pain shoots through your body!
You die...

..### ### #.... #.#.##
#.# #.#.#
.....####.#####.#.#
#.......#.....#.#.#
#<........###.#.#.#
................#.#
..†.....#.##..#†#.######
<.....)...##............
#.#.....##......@.......
#.#.....#.......#.###.#.
................#.#
#...............#.#
........#.##...@...
##...##.#........## ..##
#......... .......


You could see Jessica.

Vanquished Creatures
  A hound (D:2)
  A gnoll (D:1)
  An ooze (D:1)
  2 dart slugs (D:1)
  2 ball pythons (D:1)
  2 giant cockroaches (D:1)
  A goblin (D:1)
  2 hobgoblins (D:1)
  A quokka (D:2)
  4 bats (D:1)
  2 frilled lizards (D:1)
  5 kobolds (D:1)
  4 rats (D:1)
28 creatures vanquished.

Notes
Turn   | Place    | Note
-------+----------+-------------------------------------------
     0 | D:1      | Leeroy the Draconian Skald began the quest for the Orb.
     0 | D:1      | Reached XP level 1. HP: 17/17 MP: 3/3
   211 | D:1      | Reached XP level 2. HP: 24/24 MP: 5/5
   252 | D:1      | Reached skill level 3 in Long Blades
   414 | D:1      | Reached XP level 3. HP: 11/29 MP: 6/6
   920 | D:2      | Noticed Jessica
   930 | D:2      | Reached skill level 4 in Long Blades
   930 | D:2      | Reached XP level 4. HP: 9/36 MP: 7/7
   934 | D:2      | Killed from afar by Jessica

Levels and vault maps discovered:
D:1:      dpeg_arrival_tiny_j, layout_basic, minmay_misc_feat_tower
D:2:      minmay_recursive_quarters, layout_basic,
          grunt_temple_overflow_cloverleaf, first_ration, uniq_natasha,
          uniq_sigmund, uniq_jessica

Skill      XL: |  1  2  3 |
---------------+----------+-----
Long Blades    | 3 4 |  4.4
Fighting       | |  2.1
Dodging        | |  2.1
Spellcasting   | |  2.0
Charms         | |  2.6

Action                   |  1- 3 |  4- 6 || total
-------------------------+-------+-------++-------
Melee: Falchion          |    86 |       ||    86
       Tailslap          |    13 |       ||    13
 Cast: Infusion          |     1 |     1 ||     2
Armor: Skin              |    25 |       ||    25
Dodge: Dodged            |    72 |       ||    72
       Deflected         |     2 |       ||     2
       Rpst.: Falchion   |    27 |       ||    27

Table legend:
 A = Non-vault XP
 B = Vault XP
 C = Vault XP percentage of total XP
 D = Non-vault monster count
 E = Vault monster count
 F = Vault count percentage of total count
                 A         B        C        D         E       F
            +---------+---------+-------+---------+---------+-------
      Total |     104 |       0 |   0.0 |      28 |       0 |   0.0
            +---------+---------+-------+---------+---------+-------
        D:1 |      60 |       0 |   0.0 |      26 |       0 |   0.0
        D:2 |      44 |       0 |   0.0 |       2 |       0 |   0.0
            +---------+---------+-------+---------+---------+-------
